 Dungeon Crawl Stone Soup version 0.28-a0-1524-ge72afd5fc6 (webtiles) character file.

Game seed: 5234815329718103722

133 gimp the Skirmisher (level 5, -8/64 HPs)
             Began as a Djinni Wanderer on Jan 18, 2022.
             Blown up by Ijyb (12 damage)
             ... with a mindburst bolt
             ... on level 3 of the Dungeon.
             The game lasted 00:05:44 (3275 turns).

gimp the Skirmisher (Djinni Wanderer)               Turns: 3275, Time: 00:05:45

Health: -8/64      AC:  2    Str:  9    XL:     5   Next: 39%
Gold:   41         EV: 11    Int: 12    God:
                   SH:  0    Dex: 18

rFire   + + .      SeeInvis .   b - +0 spear
rCold   x . .      Faith    .   (no shield)
rNeg    . . .      Spirit   .   f - +0 robe
rPois   ∞          Reflect  .   (no helmet)
rElec   .          Harm     .   (no cloak)
rCorr   +          Rampage  .   (no gloves)
Will    .....                   (boots unavailable)
Stlth   ..........              (no amulet)
HPRegen 0.20/turn               h - ring of resist corrosion
MPRegen 0.00/turn               (no ring)

@: berserking, flying, very quick
A: sickness immunity, fire resistance 2, cold vulnerability 1, float, innate
caster, hp casting, extra vitality 1
a: no special abilities


You were on level 3 of the Dungeon.
You visited 1 branch of the dungeon, and saw 3 of its levels.

You collected 41 gold pieces.

Inventory:

Hand Weapons
 a - a +2 hunting sling
 b - a +0 spear (weapon)
 e - a +0 dagger
Missiles
 c - 11 poisoned darts (quivered)
 d - 35 sling bullets
 n - 34 stones
Armour
 f - a +0 robe (worn)
Jewellery
 h - a ring of resist corrosion (left hand)
Scrolls
 g - a scroll of vulnerability {unknown}
 j - 4 scrolls of immolation {unknown}
 l - a scroll of identify {unknown}
 m - a scroll of amnesia {unknown}
Potions
 k - a potion of curing {unknown}
 o - a potion of ambrosia {unknown}


   Skills:
 - Level 5.0 Fighting
 + Level 1.1 Polearms
 + Level 2.6(2.9) Slings
 - Level 1.5(2.3) Throwing
 - Level 2.0 Armour


You had one spell level left.
You knew the following spells:

 Your Spells              Type           Power      Damage    Failure   Level
a - Shock                 Conj/Air       0%         1d3       32%         1
b - Blink                 Tloc           0%         N/A       45%         2
Your spell library was empty.

Dungeon Overview and Level Annotations

Branches:
Dungeon (3/15)

Altars:

Shops:
D:2 ((

Annotations:
D:3 Ijyb


Innate Abilities, Weirdness & Mutations

You are immune to sickness and miasma.
You are immune to poison.
Your flesh is very heat resistant. (rF++)
You are vulnerable to cold. (rC-)
You float through the air rather than walking.
You learn spells naturally, not from books.
Your magical power is your life essence.
You have superior vitality. (+4 MHP)


Message History

Ijyb hits you with a +0 club.
* * * LOW HITPOINT WARNING * * *
You take 5 damage, and have 11/43 hp.
It was a potion of berserk rage.
A red film seems to cover your vision as you go berserk!
You feel yourself moving faster!
You feel mighty! Ijyb hits you with a +0 club.
* * * LOW HITPOINT WARNING * * *
You now have 15/64 hp.
You hit Ijyb.
Ijyb is moderately wounded.
Ijyb hits you but does no damage.
You hit Ijyb.
Ijyb is moderately wounded.
Ijyb hits you with a +0 club.
* * * LOW HITPOINT WARNING * * *
You take 1 damage, and have 14/64 hp.
You barely miss Ijyb.
Ijyb is moderately wounded.
You hit Ijyb but do no damage.
Ijyb is moderately wounded.
Ijyb hits you with a +0 club.
* * * LOW HITPOINT WARNING * * *
You take 4 damage, and have 11/64 hp.
You puncture Ijyb!
Ijyb is severely wounded.
Ijyb screams, "Die!"
Ijyb hits you with a +0 club.
* * * LOW HITPOINT WARNING * * *
You take 6 damage, and have 5/64 hp.
You completely miss Ijyb.
Ijyb is severely wounded.
Ijyb hits you with a +0 club.
* * * LOW HITPOINT WARNING * * *
You take 1 damage, and have 4/64 hp.
You closely miss Ijyb.
Ijyb is severely wounded.
You closely miss Ijyb.
Ijyb is severely wounded.
Ijyb zaps a wand.
Your mind is blasted!
You die...

######### . #....(..#
... #.......#.....
#...!.........
#####)####.... #g# #
#@# #)# ####'####
#.......# #.......##
#........# #........#
#........############
#####.....†..........


You could see Ijyb.

Vanquished Creatures
  4 gnolls (D:2)
  5 adders
  A dart slug (D:3)
  4 orcs (D:3)
  4 ball pythons
  4 endoplasms (D:2)
  4 giant cockroaches
  3 goblins
  2 hobgoblins (D:2)
  A quokka (D:1)
  6 bats
  3 frilled lizards
  3 kobolds
  4 rats
48 creatures vanquished.

Notes
Turn   | Place    | Note
-------+----------+-------------------------------------------
     0 | D:1      | gimp the Djinni Wanderer began the quest for the Orb.
     0 | D:1      | Reached XP level 1. HP: 20/20 MP: 0/0
   294 | D:1      | Reached XP level 2. HP: 24/25 MP: 0/0
   576 | D:1      | Found a faded altar of an unknown god.
   698 | D:2      | Reached skill level 4 in Fighting
   698 | D:2      | Reached XP level 3. HP: 31/31 MP: 0/0
   698 | D:2      | Learned a level 1 spell: Shock
   906 | D:2      | Reached XP level 4. HP: 37/37 MP: 0/0
  2110 | D:2      | Found Kinlenol's Weapon Shoppe.
  2208 | D:2      | Found Poixturr's Weapon Shop.
  2526 | D:3      | Reached XP level 5. HP: 20/42 MP: 0/0
  2526 | D:3      | Learned a level 2 spell: Blink
  2987 | D:3      | Reached skill level 5 in Fighting
  3250 | D:3      | Noticed Ijyb
  3275 | D:3      | Blown up by Ijyb

Illustrated notes

Levels and vault maps discovered:
D:1:      tarquinn_simple_flora_water_f, layout_basic,
          shapermc_ecumenical_altar_hornbeckon, minmay_octomino_c4
D:2:      layout_basic, serial_shops, nicolae_shop_bloodbath_and_beyond,
          nicolae_shop_waterfront, nrook_uturn, minivault_14,
          grunt_ministairs_12, kennysheep_boxes
D:3:      layout_basic, vehumet_altar_wand_db, grunt_ministairs_13, uniq_ijyb

Skill      XL: |  1  2  3  4  5 |
---------------+----------------+-----
Fighting       | 4 5 |  5.0
Slings         | 2 |  2.6
Polearms       | |  1.1
Throwing       | |  1.5
Armour         | |  2.0

Action                   |  1- 3 |  4- 6 || total
-------------------------+-------+-------++-------
Melee: Spear             |    34 |   180 ||   214
       Punch             |       |     3 ||     3
 Fire: Hunting sling     |    41 |     1 ||    42
Throw: Dart              |       |     6 ||     6
  Use: Potion            |       |     1 ||     1
 Stab: Sleeping          |       |     2 ||     2
Armor: Robe              |     8 |    19 ||    27
Dodge: Dodged            |    35 |    91 ||   126

Table legend: (Time is in decaauts)
 A = Elapsed time spent in this place.
 B = Non-inter-level travel time spent in this place.
 C = Inter-level travel time spent in this place.
 D = Time resting spent in this place.
 E = Time spent auto-exploring this place.
 F = Levels seen in this place.
 G = Mean time per level.
                   A        B        C        D        E       F      G
               +--------+--------+--------+--------+--------+-----+--------+
         Total |   3281 |   3245 |     36 |      0 |   2688 |   3 | 1093.7 |
       Dungeon |   3281 |   3245 |     36 |      0 |   2688 |   3 | 1093.7 |
               +--------+--------+--------+--------+--------+-----+--------+

Top non-repeatable levels by time:
     D:2: 1735 daAuts
     D:3: 799 daAuts
     D:1: 747 daAuts
